 Dungeon Crawl Stone Soup version 0.31.0-32-g396128a36d (webtiles) character file.

Game seed: 15459595995683124883

5754 PaiMei the Geomancer (level 10, -3/65 HPs)
             Began as a Gargoyle Earth Elementalist on Apr 23, 2024.
             Was an Initiate of Vehumet.
             Slain by a meliai zombie (5 damage)
             ... on level 9 of the Dungeon.
             The game lasted 00:22:04 (15132 turns).

PaiMei the Geomancer (Gargoyle Earth Elementalist) Turns: 15132, Time: 00:22:05

Health: -3/65      AC: 16    Str: 13    XL:     10   Next: 78%
Magic:  9/21       EV: 10    Int: 19    God:    Vehumet [......]
Gold:   269        SH:  5    Dex: 10    Spells: 17/24 levels left

rFire   + + .        d - +4 falchion "Keyfyank" {flame, rElec rPois rF+}
rCold   . . .        (no shield)
rNeg    + . .        D - +0 ring mail {rF+}
rPois   ∞            J - +0 helmet
rElec   +            M - +0 cloak
rCorr   .            (no gloves)
SInv    .            (no boots)
Will    .....        o - amulet of reflection
Stlth   +            (no ring)
HPRegen 0.30/turn    (no ring)
MPRegen 0.17/turn

%: reflection
@: about to teleport
A: sickness immunity, AC +7, negative energy resistance 1, electricity
resistance, torment resistance 1, petrification resistance
a: Renounce Religion


You were on level 9 of the Dungeon.
You worshipped Vehumet.
Vehumet was noncommittal.
You visited 2 branches of the dungeon, and saw 10 of its levels.

You collected 426 gold pieces.
You spent 157 gold pieces at shops.

Inventory:

Hand Weapons
 d - the +4 falchion "Keyfyank" (weapon) {flame, rElec rPois rF+}
   (You found it on level 7 of the Dungeon)

   rF+:       It protects you from fire.
   rElec:     It insulates you from electricity.
   rPois:     It protects you from poison
 r - a +2 dagger of venom
 z - a +3 flail of holy wrath
 F - a +1 flail of protection
Missiles
 f - 21 poisoned darts (quivered)
 p - 86 stones
 I - 7 curare-tipped darts
Armour
 A - a +4 scale mail of fire resistance
 D - a +0 ring mail of fire resistance (worn)
 J - a +0 helmet (worn)
 M - a +0 cloak (worn)
Jewellery
 o - an amulet of reflection (around neck)
 q - an amulet of magic regeneration
Wands
 e - a wand of roots (7)
 n - a wand of flame (15)
 E - a wand of mindburst (12)
 G - a wand of charming (8)
Scrolls
 h - 3 scrolls of teleportation
 j - 3 scrolls of fog {unknown}
 k - 4 scrolls of identify {unknown}
 l - 3 scrolls of blinking
 t - 2 scrolls of vulnerability {unknown}
 v - 3 scrolls of immolation {unknown}
 y - a scroll of amnesia {unknown}
 K - a scroll of enchant weapon {unknown}
 L - 2 scrolls of noise {unknown}
 N - a scroll of fear {unknown}
Potions
 b - 2 potions of magic
 c - 5 potions of curing {unknown}
 g - a potion of berserk rage {unknown}
 i - 3 potions of invisibility {unknown}
 m - a potion of lignification {unknown}
 u - a potion of ambrosia {unknown}
 w - a potion of haste {unknown}
 x - 2 potions of degeneration {unknown}
 B - a potion of cancellation {unknown}
 C - a potion of brilliance {unknown}
 H - 2 potions of resistance {unknown}


   Skills:
 + Level 8.5 Fighting
 + Level 8.5 Armour
 - Level 1.7 Dodging
 - Level 2.4 Stealth
 + Level 7.5 Spellcasting
 - Level 1.3 Conjurations
 + Level 10.2 Earth Magic


You had 17 spell levels left.
You knew the following spells:

 Your Spells              Type           Power      Damage    Failure   Level
a - Sandblast             Erth           90%        2d19      1%          1
b - Stone Arrow           Conj/Erth      58%        3d10      4%          3
c - Passwall              Erth           45%        N/A       1%          3

Your spell library contained the following spells:

 Spells                   Type           Power      Damage    Failure   Level
 Shock                    Conj/Air       36%        1d5       14%         1
 Brom's Barrelling Bould  Conj/Erth      29%        2d5       17%         4
 Necrotise                Necr           28%        1d5       19%         1
 Summon Small Mammal      Summ           28%        N/A       19%         1
 Petrify                  Alch/Erth      26%        N/A       22%         4
 Call Canine Familiar     Summ           7%         N/A       47%         3
 Inner Flame              Hex/Fire       7%         N/A       47%         3
 Sigil of Binding         Hex            7%         N/A       47%         3
 Flame Wave               Conj/Fire      9%         2d6       80%         4
 Dimensional Bullseye     Hex/Tloc       3%         N/A       87%         4
 Manifold Assault         Tloc           7%         N/A       87%         4
 Summon Blazeheart Golem  Fire/Summ      7%         N/A       87%         4
 Dispersal                Tloc           3%         N/A       100%        6
 Disjunction              Tloc           3%         N/A       100%        8
 Cigotuvi's Dreadful Rot  Necr/Alch/Air  Unusable   N/A       N/A         2

Dungeon Overview and Level Annotations

Branches:
Dungeon (9/15)             Temple (1/1) D:6            Lair (0/5) D:8
    Orc: D:9-12

Altars:
Ashenzari
Cheibriados
Dithmenos
Elyvilon
Fedhas
Gozag
Hepliaklqana
Kikubaaqudgha
Nemelex Xobeh
Okawaru
Qazlal
Ru
Sif Muna
Trog
Uskayaw
Vehumet
Wu Jian
Xom
Yredelemnul
Zin
The Shining One

Shops:
D:5 ?   D:6 [   D:7 (   D:8 [


Innate Abilities, Weirdness & Mutations

You are immune to sickness and miasma.
Your stone body is resilient. (AC +7)
You are immune to poison.
You resist negative energy. (rN+)
You are resistant to electric shocks. (rElec)
You are resistant to unholy torment.
You are immune to petrification.


Message History

The meliai zombie hits you.
Casting: Stone Arrow (dangerous; 4% risk of failure)
Confirm with . or Enter, or press ? or * to list all spells.
Aiming: Stone Arrow (dangerous; 4% risk of failure)
Press: ? - help, Shift-Dir - straight line, f/p - meliai zombie
Aim: a meliai zombie (severely damaged, 75% to hit)
The stone arrow misses the meliai zombie.
You block the harpy zombie's attack. The harpy zombie claws you.
The meliai zombie barely misses you. x2; The harpy zombie barely misses you.
The harpy zombie claws you but does no damage.
The shadow imp hits you but does no damage.
Casting: Stone Arrow (dangerous; 4% risk of failure)
Confirm with . or Enter, or press ? or * to list all spells.
Aiming: Stone Arrow (dangerous; 4% risk of failure)
Press: ? - help, Shift-Dir - straight line, f/p - meliai zombie
Aim: a meliai zombie (severely damaged, 75% to hit)
The stone arrow misses the meliai zombie.
The harpy zombie claws you but does no damage.
The harpy zombie barely misses you. The meliai zombie barely misses you.
The meliai zombie closely misses you. You block the harpy zombie's attack.
The harpy zombie claws you but does no damage.
The meliai zombie hits you but does no damage. x2
The shadow imp laughs crazily.
The hellwing swoops through the air toward you!
The hellwing hits you!
* * * LOW HITPOINT WARNING * * *
The hellwing hits you but does no damage.
The harpy zombie attacks as it pursues you!
The harpy zombie claws you but does no damage. x4
The meliai zombie barely misses you.
The meliai zombie hits you but does no damage.
The shadow imp barely misses you. The hellwing hits you!
* * * LOW HITPOINT WARNING * * *
The hellwing barely misses you.
As you read the scroll of teleportation, it crumbles to dust.
You feel strangely unstable. The harpy zombie claws you.
* * * LOW HITPOINT WARNING * * *
You block the harpy zombie's attack. The meliai zombie closely misses you.
The meliai zombie hits you.
You die...

#....8.....h +........Z8.
#...55o..... ####Z..Z....
+........ #........
##############5.......
#..........Z.o5.......
#.........@Z5........# #
#.........455Z.......#
######....................#
..........................#
##......########..........#
#......#......#..........+
#......#......#..#####.###
#......#......#..# .+
#......#......#..# #


You could see a hellwing, 5 shadow imps, an orc, a harpy zombie, a centaur
warrior zombie and a meliai zombie.

Vanquished Creatures
  Pikel (D:5)
  Maurice (D:7)
  A komodo dragon (D:8)
  A wyvern (D:8)
  A yak (D:8)
  2 steam dragons
  3 water moccasins
  Edmund (D:5)
  5 ice beasts
  2 sky beasts
  An orc warrior (D:7)
  2 ogres (D:5)
  3 black bears
  A centaur (D:7)
  6 phantoms
  3 lemures
  3 kobold brigands (D:6)
  4 bullfrogs
  A gnoll sergeant (D:8)
  3 scorpions
  6 killer bees
  4 hounds
  3 jellies
  8 orc priests
  A bombardier beetle (D:5)
  A sleepcap (D:8)
  2 iguanas (D:5)
  5 orc wizards
  8 gnolls
  5 adders
  3 shadow imps
  A white imp (D:6)
  4 ufetubi
  3 ribbon worms (D:3)
  2 dart slugs (D:2)
  29 orcs
  2 ball pythons
  9 bats
  7 endoplasms
  4 giant cockroaches
  9 goblins
  9 hobgoblins
  7 jackals
  4 quokkas
  3 frilled lizards
  21 kobolds
  8 rats
213 creatures vanquished.

Notes
Turn   | Place    | Note
-------+----------+-------------------------------------------
     0 | D:1      | PaiMei the Gargoyle Earth Elementalist began the quest for
                  | the Orb.
     0 | D:1      | Reached XP level 1. HP: 10/10 MP: 3/3
   399 | D:1      | Reached XP level 2. HP: 3/15 MP: 0/5
   624 | D:1      | Reached skill level 4 in Earth Magic
   624 | D:1      | Reached XP level 3. HP: 20/20 MP: 4/6
   844 | D:1      | Reached skill level 1 in Fighting
  1066 | D:2      | Reached skill level 1 in Armour
  1663 | D:2      | Reached XP level 4. HP: 25/25 MP: 7/7
  2357 | D:3      | Reached XP level 5. HP: 15/30 MP: 4/9
  3543 | D:3      | Got the Cyclopedia of Exhumation and Wildfire
  3659 | D:3      | Learned a level 3 spell: Stone Arrow
  3663 | D:3      | Learned a level 3 spell: Passwall
  4426 | D:4      | Noticed a black bear
  4441 | D:4      | Reached XP level 6. HP: 35/36 MP: 8/10
  4445 | D:4      | Reached skill level 5 in Earth Magic
  5175 | D:4      | Killed a black bear
  5509 | D:5      | Entered Level 5 of the Dungeon
  5530 | D:5      | Reached XP level 7. HP: 42/42 MP: 5/12
  5689 | D:5      | Reached skill level 6 in Earth Magic
  5973 | D:5      | Reached XP level 8. HP: 41/48 MP: 2/14
  6363 | D:5      | Noticed Edmund
  6371 | D:5      | Killed Edmund
  6372 | D:5      | Reached skill level 5 in Fighting
  6551 | D:5      | Reached skill level 5 in Armour
  6551 | D:5      | Reached skill level 7 in Earth Magic
  6643 | D:5      | Reached skill level 5 in Spellcasting
  7006 | D:5      | Noticed Pikel
  7498 | D:5      | Found Witepp's Magic Scroll Shoppe.
  7506 | D:5      | Bought a scroll of teleportation for 45 gold pieces
  7506 | D:5      | Bought a scroll of blinking for 112 gold pieces
  8095 | D:5      | Killed Pikel
  8096 | D:5      | Reached skill level 8 in Earth Magic
  8096 | D:5      | Reached XP level 9. HP: 54/55 MP: 3/17
 10159 | D:6      | Found Zufam's Armour Shoppe.
 10162 | D:6      | Found a staircase to the Ecumenical Temple.
 10779 | D:6      | Reached skill level 9 in Earth Magic
 10796 | D:6      | Reached XP level 10. HP: 59/63 MP: 12/19
 11871 | Temple   | Entered the Ecumenical Temple
 11893 | Temple   | Became a worshipper of Vehumet
 12171 | D:7      | Identified the +4 falchion "Keyfyank" {flame, rElec rPois
                  | rF+}
 12268 | D:7      | Noticed Maurice
 12285 | D:7      | Something stole an amulet of magic regeneration
 12289 | D:7      | Something stole a +3 flail of holy wrath
 12292 | D:7      | Something stole 7 curare-tipped darts
 12293 | D:7      | Something stole 159 gold
 12298 | D:7      | Killed Maurice
 12525 | D:7      | Found Loetatat's Antique Weapon Shoppe.
 14310 | D:8      | Reached skill level 10 in Earth Magic
 14325 | D:8      | Reached * piety under Vehumet
 14325 | D:8      | Offered knowledge of Shock by Vehumet.
 14454 | D:8      | Found a snail-covered altar of Cheibriados.
 14457 | D:8      | Found Cheibriados's Comfort Zone.
 14667 | D:8      | Found a staircase to the Lair.
 15132 | D:9      | HP: 2/65 [harpy zombie (5)]
 15132 | D:9      | Slain by a meliai zombie

Illustrated notes

Levels and vault maps discovered:
D:1:      dpeg_arrival_tiny_a, layout_loops_ring, dk_noncrumbling_2, st_stairs_7
D:2:      layout_rooms
D:3:      layout_loops_ring, serial_bayou_pond_c
D:4:      layout_basic
D:5:      layout_gridville, serial_shops, shop, uniq_pikel, uniq_edmund
D:6:      layout_layer_cave, minmay_temple_entry_statues, serial_shops, shop
D:7:      layout_gridville, serial_shops, shop, uniq_maurice
D:8:      layout_cave_pools, grunt_lair_entry_orc_guard_hut, minmay_shop_chei,
          minmay_misc_feat_encased
D:9:      cheibrodos_grave_circle, layout_irregular_city,
          lightli_temple_of_fire, enter_bailey_8, uniq_jeremiah
Temple:   mainiacjoe_temple_circle_huts

Skill      XL: |  1  2  3  4  5  6  7  8  9 10 |
---------------+-------------------------------+-----
Earth Magic    | 4 5 6 8 9 10 | 10.2
Fighting       | 1 2 3 4 6 7 8 |  8.5
Armour         | 1 2 3 4 6 7 8 |  8.5
Spellcasting   | 3 4 5 6 7 |  7.5
Dodging        | |  1.7
Stealth        | |  2.4
Conjurations   | |  1.3

Action                     |  1- 3 |  4- 6 |  7- 9 | 10-12 || total
---------------------------+-------+-------+-------+-------++-------
  Melee: Club              |   168 |   143 |       |       ||   311
         Unarmed           |    13 |       |       |       ||    13
         Punch             |     3 |       |       |     1 ||     4
         Hand axe          |       |    47 |       |       ||    47
         Dagger            |       |    45 |    11 |       ||    56
         Flail             |       |       |   101 |    40 ||   141
         Falchion          |       |       |       |    40 ||    40
   Cast: Sandblast         |    13 |    31 |     8 |     1 ||    53
         Stone Arrow       |       |     5 |   106 |    83 ||   194
    Use: Scroll            |       |       |       |     1 ||     1
   Stab: Sleeping          |     3 |     4 |       |       ||     7
 Armour: Robe              |   128 |   171 |   157 |   109 ||   565
         Ring mail         |       |       |       |    54 ||    54
  Dodge: Dodged            |   182 |   166 |   143 |    84 ||   575
  Block: Other             |       |    33 |    49 |    31 ||   113
         Reflection        |       |     1 |       |       ||     1
